Cogmind - Beta 16.1 @@@ ROGUE MODE // 2026.05.02 @ 01:10:46 Player: Foongus0298 Result: Destroyed by P-70 Sage with Tesla Rifle Performance ------------- Evolutions (5) 2500 Regions Visited (15) 3000 Robots Destroyed (174) 870 Value Destroyed (6494) 6494 Prototype IDs (29) 580 Alien Tech Used (0) 0 Bonus (1251) 1251 TOTAL SCORE: 14695 Bonus ------- High Alert Combat Kills 251 Entered Garrisons 200 Entered DSFs 500 Aligned with FarCom 300 Cogmind --------- Core Integrity 0/1000 Matter 300/300 Energy 119/365 System Corruption 3% Temperature Warm (194) Movement Treading (200) Ox1 Location -5/Factory Parts ------- > --- POWER (2) -------- Neutrino Core Micro Fission Core > --- PROPULSION (7) --- Improved Treads Armored Medium Treads Biometal Medium Treads Biometal Medium Treads Flexi-carbon Leg > --- UTILITY (6) ------ Advanced Cooling System Advanced Cooling System Improved Coolant Injector Visual Processing Unit Improved Light Armor Plating Improved Thermal Shield > --- WEAPON (2) ------- Variable Charge Gun Variable Charge Gun > --- INVENTORY (5) ---- Improved Signal Interpreter Authchip [Armor] Variable Charge Gun Improved Proton Missile Launcher Peak State ------------ > --- POWER ------------ Neutrino Core Micro Fission Core > --- PROPULSION ------- Improved Treads Improved Treads Armored Medium Treads Biometal Medium Treads Biometal Medium Treads Flexi-carbon Leg VTOL Module > --- UTILITY ---------- Advanced Cooling System Advanced Cooling System Improved Coolant Injector Visual Processing Unit Improved Thermal Shield System Shield > --- WEAPON ----------- Variable Charge Gun Variable Charge Gun > --- INVENTORY -------- Improved Signal Interpreter Improved Light Armor Plating Authchip [Armor] Variable Charge Gun Improved Proton Missile Launcher [Rating: 88] Favorites ----------- Power Heavy Ion Engine Engine Heavy Ion Engine Power Core Light Nuclear Core Reactor Light Antimatter Reactor Propulsion Light Treads Treads Light Treads Leg Improved Carbon-fiber Leg Hover Unit Improved Hover Unit Flight Unit VTOL Module Utility Large Storage Unit Device Improved Heat Sink Storage Large Storage Unit Processor Improved Signal Interpreter Hackware Hacking Suite Protection Hardened Heavy Armor Plating Weapon Heavy Particle Gun Energy Gun Heavy Particle Gun Energy Cannon Guided Plasma Cannon Ballistic Gun Assault Rifle Ballistic Cannon Advanced Assault Cannon Launcher Proton Missile Launcher Impact Weapon Power Maul Build | -11 -10 -10 -9 -9 -9 -8 -8 -7 -7 -7 -6 -6 -5 -5 -5 ------- Run | Yrd Mat Min Mat Min Exi Min Mat Fac Was Fac Fac DSF Fac Gar Fac Slots Evolved 10 | . . . 2 . . . 2 2 . . 2 . 2 . . Power 1 | . . . . . . . . . . . . . 1 . . Propulsion 5 | . . . 1 . . . 1 1 . . 1 . 1 . . Utility 4 | . . . 1 . . . 1 1 . . 1 . . . . Weapon . | . . . . . . . . . . . . . . . . Parts Attached 141 | 6 3 4 25 . 1 1 10 9 3 17 1 11 4 22 24 Power 18 | 1 . 1 3 . . . 3 . . 2 . . . 6 2 Engine 9 | 1 . 1 2 . . . 2 . . 1 . . . 2 . Core 8 | . . . 1 . . . 1 . . 1 . . . 3 2 Reactor 1 | . . . . . . . . . . . . . . 1 . Propulsion 48 | 2 . . 12 . . . 2 1 . 8 . 3 2 10 8 Treads 31 | 2 . . 12 . . . 2 1 . 3 . 3 2 . 6 Leg 6 | . . . . . . . . . . 5 . . . . 1 Wheel . | . . . . . . . . . . . . . . . . Hover 1 | . . . . . . . . . . . . . . . 1 Flight 10 | . . . . . . . . . . . . . . 10 . Utility 45 | 1 3 . 4 . . 1 4 4 3 6 1 3 2 3 10 Device 19 | . . . 1 . . 1 . 2 2 3 . . . 3 7 Storage 5 | 1 1 . . . . . 1 . . 2 . . . . . Processor 3 | . . . . . . . 1 1 . . . . . . 1 Hackware 4 | . . . . . . . 1 . . 1 . . 1 . 1 Protection 14 | . 2 . 3 . . . 1 1 1 . 1 3 1 . 1 Artifact . | . . . . . . . . . . . . . . . . Weapon 30 | 2 . 3 6 . 1 . 1 4 . 1 . 5 . 3 4 Energy Gun 7 | . . . 3 . . . . 1 . . . . . 1 2 Energy Cannon 2 | . . . . . 1 . . . . . . . . . 1 Ballistic Gun 8 | 2 . 2 . . . . . . . . . 1 . 2 1 Ballistic Cannon 8 | . . 1 1 . . . . 2 . 1 . 3 . . . Launcher 3 | . . . 2 . . . . . . . . 1 . . . Special Weapon . | . . . . . . . . . . . . . . . . Impact Weapon 2 | . . . . . . . 1 1 . . . . . . . Slashing Weapon . | . . . . . . . . . . . . . . . . Piercing Weapon . | . . . . . . . . . . . . . . . . Special Melee Weapon . | . . . . . . . . . . . . . . . . Unidentified Prototypes 4 | . . . 2 . . . . 1 . 1 . . . . . Parts Lost 54 | . . 3 3 . . . 1 . 2 . . 3 1 34 7 Power 9 | . . 1 1 . . . . . . . . . . 7 . Propulsion 24 | . . . . . . . 1 . 2 . . 1 1 14 5 Utility 15 | . . 1 1 . . . . . . . . 2 . 9 2 Weapon 6 | . . 1 1 . . . . . . . . . . 4 . Highest Loss Streak 14 | . . 3 2 . . . 1 . 2 . . 2 1 14 2 To Critical Strikes 1 | . . . . . . . . . . . . . . 1 . Average Backups 13 | 2 7 10 14 15 15 15 14 23 20 8 13 14 10 13 4 Power . | . 1 1 1 1 1 1 1 2 1 . . . . . . Propulsion 2 | 1 2 2 3 3 3 3 2 3 2 1 2 2 . 1 . Utility 5 | . 2 4 5 6 6 6 5 10 10 4 7 6 5 5 2 Weapon 4 | . 1 2 4 5 5 5 5 7 6 1 4 5 5 5 1 Tool/Special . | . . . . . . . . . . . . . . . . Unused Backups 62 | . 4 . 13 . 1 . 3 5 12 5 . 3 . 11 5 Power 4 | . . . 2 . . . . 1 1 . . . . . . Propulsion 16 | . 2 . 3 . . . . 2 3 . . 2 . 4 . Utility 25 | . 2 . 3 . . . 2 2 5 4 . . . 4 3 Weapon 16 | . . . 5 . 1 . 1 . 3 . . 1 . 3 2 Tool/Special 1 | . . . . . . . . . . 1 . . . . . Average Slot Usage (%) 90 | . 99 88 95 100 100 100 99 88 88 79 89 91 92 73 86 Engine 6 | . 14 14 10 11 11 11 8 7 6 . . . . 1 . Core 2 | . . . . . . . . . . 6 6 6 5 4 10 Treads 26 | . 28 28 32 33 33 33 35 34 33 11 20 31 40 6 24 Leg 2 | . . . . . . . . . . 20 20 7 . . 2 Flight 3 | . . . . . . . . . . . . . . 27 5 Device 9 | . . . 8 11 11 11 9 7 17 13 6 6 5 9 22 Storage 7 | . 14 14 11 11 11 11 9 7 6 4 6 6 5 4 . Processor 2 | . . . . . . . 9 7 6 . . . . . 3 Hackware 1 | . . . . . . . 5 . . . 6 3 4 . 2 Protection 7 | . 13 3 10 11 11 11 3 6 2 6 9 14 17 4 . Energy Gun 5 | . . . 10 19 17 11 9 6 . . . . . 2 5 Energy Cannon 2 | . . . . . 4 11 7 . 5 . . . . . 3 Ballistic Gun 4 | . 28 20 7 . . . . . . . . 1 . 3 . Ballistic Cannon 3 | . . 7 2 . . . . 6 1 13 13 11 11 2 . Peak Build Rating 88 | 6 7 10 21 21 26 28 34 46 48 48 52 55 56 61 88 Average Rating 35 | 4 6 7 18 21 23 26 29 41 41 39 51 51 55 42 73 On Entrance 24 | . 6 7 10 21 21 26 28 34 41 1 44 52 45 52 9 Avg Prop Armor Cover (%) 12 | . . . . . . . . . . 6 6 6 . . 16 Naked Turns 62 | . . . . . . . . . 28 34 . . . . . Heaviest Build 128 | 14 32 32 45 45 49 49 109 128 125 68 86 89 60 66 42 Greatest Support 154 | 40 40 40 63 63 63 63 83 100 100 89 64 124 154 132 143 Greatest Overweight (x) 14 | 2 1 . 1 . . . 1 1 1 3 1 1 . 14 2 Average Overweight (x) . | . . . . . . . . 1 . . 1 . . . . Largest Inventory Capacity 25 | 8 15 15 15 15 15 15 25 25 25 15 15 15 15 15 5 Average Capacity 14 | 6 9 15 15 15 15 15 16 25 22 9 15 15 15 14 5 Most Carried 25 | 5 9 14 15 15 15 15 22 25 24 15 14 15 12 15 5 Average Carried 13 | 2 7 11 14 15 15 15 14 23 21 8 13 14 10 13 4 Final Capacity 25 | 8 15 15 15 15 15 15 25 25 5 15 15 15 15 5 5 Final Carried 24 | 4 9 14 15 15 15 15 21 24 5 15 13 13 10 4 4 Class Distribution -------------------- 49% | Mutant 48% | Scavenger-Mutant Dominant Class ---------------- Mutant | -10/Materials Mutant | -10/Mines Scavenger-Mutant | -9/Materials Mutant | -9/Mines Mutant | -9/Exiles Mutant | -8/Mines Scavenger-Mutant | -8/Materials Scavenger-Mutant | -7/Factory Scavenger-Skirmisher | -7/Waste Mutant | -7/Factory Mutant | -6/Factory Mutant | -6/DSF Mutant | -5/Factory Scavenger-Mutant | -5/Garrison Scavenger-Mutant | -5/Factory Resources | -11 -10 -10 -9 -9 -9 -8 -8 -7 -7 -7 -6 -6 -5 -5 -5 ----------- Run | Yrd Mat Min Mat Min Exi Min Mat Fac Was Fac Fac DSF Fac Gar Fac Matter Collected 5122 | 195 573 76 816 3 . 148 185 520 170 455 . 784 110 725 362 Remotely 1222 | . . . . . . . . . . 260 . 778 110 74 . Salvage Created 6477 | . 508 76 1658 5 . 215 431 735 263 342 . 634 110 516 984 Parts 346 | . 34 2 122 1 . 10 23 35 . 23 . 5 7 29 55 Haulers Intercepted 11 | . 2 . 4 . . . 1 2 . 2 . . . . . Recyclers Shooed 6 | . . . . . . 1 . 3 . . . . . . 2 Parts Field Recycled 34 | . . . . . . . . . . 31 . 3 . . . Retrieved Matter 290 | . . . . . . . . . . 230 . 60 . . . Parts Self-Destructed . | . . . . . . . . . . . . . . . . Prevented . | . . . . . . . . . . . . . . . . Parts Restored . | . . . . . . . . . . . . . . . . Kills | -11 -10 -10 -9 -9 -9 -8 -8 -7 -7 -7 -6 -6 -5 -5 -5 ------- Run | Yrd Mat Min Mat Min Exi Min Mat Fac Was Fac Fac DSF Fac Gar Fac Combat Hostiles Destroyed 131 | . 9 2 38 3 . 3 8 9 1 4 . 8 5 24 17 Melee 3 | . . . . . . . . . . . . . . 3 . Guns 56 | . 9 2 21 . . . 5 . . . . 2 . 11 6 Cannons 42 | . . . 3 . . 3 2 5 . 4 . 6 5 8 6 AOE 24 | . . . 13 3 . . . 3 1 . . . . . 4 Classes Destroyed 18 | . 4 . 7 . . . 1 1 1 . . 1 1 1 1 Worker 7 | . . . 1 . . . . 2 . 3 . . . . 1 Tunneler 2 | . . . 1 . . . . 1 . . . . . . . Hauler 11 | . 2 . 4 . . . 1 2 . 2 . . . . . Recycler 12 | . . . 3 . . 1 . 5 . 2 . . . . 1 Mechanic 1 | . . . 1 . . . . . . . . . . . . Operator 2 | . 1 . . . . . 1 . . . . . . . . Watcher 8 | . 1 . 2 . . . 1 2 . . . . . . 2 Swarmer 39 | . . . 11 3 . . 3 . . . . . 2 15 5 Grunt 48 | . 9 2 15 . . 2 2 5 . 1 . 4 . 6 2 Brawler 6 | . . . 2 . . 1 . . . . . 1 2 . . Duelist 1 | . . . . . . . . . . . . . 1 . . Sentry 18 | . . . 10 . . . 2 1 . 1 . . . 1 3 Demolisher 1 | . . . . . . . . . . . . . . 1 . Specialist 2 | . . . . . . . . . . . . 2 . . . Hunter 2 | . . . . . . . . . . . . . . . 2 Programmer 11 | . . . . . . . . 3 . 2 . . . 1 5 Heavy 2 | . . . . . . . 1 . . . . 1 . . . Compactor 1 | . . . . . . . . . 1 . . . . . . Best Kill Streak 7 | . 2 1 5 3 . 2 3 3 1 3 . 4 5 5 7 Combat Bots Only 6 | . 2 1 4 3 . 2 3 3 1 1 . 4 5 5 6 Max Kills in Single Turn 3 | . 1 1 3 3 . 1 1 3 1 1 . 1 1 1 3 Gunslinging 1 | . . . 1 . . . . . . . . . . . . Exploded 3 | . . . 2 3 . . . 3 1 . . . . . 2 Melee 1 | . . . . . . . . . . . . . . 1 . Uniques/NPCs Destroyed . | . . . . . . . . . . . . . . . . Combat | -11 -10 -10 -9 -9 -9 -8 -8 -7 -7 -7 -6 -6 -5 -5 -5 -------- Run | Yrd Mat Min Mat Min Exi Min Mat Fac Was Fac Fac DSF Fac Gar Fac Hostile Shots Fired 929 | . 51 23 109 3 . . 43 54 4 39 . 164 16 316 107 Missed 279 | . 20 2 38 2 . . 17 22 . 12 . 50 1 89 26 Hits 650 | . 31 21 71 1 . . 26 32 4 27 . 114 15 227 81 Melee 11 | . . . . . . . . . 4 . . 1 6 . . Projectile 639 | . 31 21 71 1 . . 26 32 . 27 . 113 9 227 81 AOE 4 | . . . . . . . . . . . . . 1 3 . Critical Strikes 27 | . 2 1 2 . . . 3 1 1 1 . 6 2 6 2 Actively Blocked 1 | . . . . . . . . . 1 . . . . . . Part Disruptions 7 | . . . . . . . . . . 2 . 5 . . . Damage Taken 11284 | . 382 321 913 39 . . 444 444 367 397 . 1916 470 4063 1528 Core 1534 | . 44 91 64 . . . 48 21 149 29 . 88 . 821 179 Absorbed by Shields 104 | . . . . . . . . . . . . . . 48 56 Ignored by Resistances 209 | . . . . . . . . . . . . 108 . . 101 Regen/Repaired (Parts) 556 | . . . 203 . . . . 353 . . . . . . . Core Remaining (%) 80 | 100 . 46 . . . 84 91 . . 71 . 89 . . . Volleys Fired 495 | . 52 14 79 1 . 9 44 39 16 34 . 36 14 83 74 Largest 2 | . 2 2 2 1 . 1 2 2 1 2 . 2 2 2 2 Hottest 450 | . 40 40 110 36 . 120 120 116 120 80 . 88 88 88 450 Shots Fired 843 | . 104 26 144 1 1 11 51 78 15 61 . 68 28 122 133 Gun 479 | . 104 26 118 . 1 6 36 17 . . . 14 . 64 93 Cannon 331 | . . . 15 . . 5 15 58 4 61 . 51 28 54 40 Launcher 33 | . . . 11 1 . . . 3 11 . . 3 . 4 . Special . | . . . . . . . . . . . . . . . . Kinetic 511 | . 104 26 65 . . . . 58 . 61 . 65 28 93 11 Thermal 299 | . . . 68 . 1 11 51 17 4 . . . . 25 122 Explosive 26 | . . . 11 1 . . . 3 11 . . . . . . Electromagnetic 7 | . . . . . . . . . . . . 3 . 4 . Robot Hit Streak 21 | . 11 10 21 6 . 8 14 16 9 8 . 10 7 12 11 Robot Miss Streak 12 | . 4 3 5 . . 2 2 2 1 5 . 6 9 12 9 Penetration Max 1 | . . . . . . . . . . . . . . 1 . Secondary Targets 8 | . 3 . 4 . . . . . . . . . . . 1 Max Gunslinging Chain 1 | . 1 . 1 . . . . . . . . . . . 1 Shots Hit Robots 550 | . 67 18 93 1 . 8 38 41 14 34 . 60 24 90 62 Core Hits 372 | . 27 5 65 3 . 4 13 28 5 14 . 68 33 76 31 Critical Kills 3 | . . . 2 . . . . . . . . . . 1 . Critical Parts Destroyed 4 | . 2 1 . . . . . . . . . . . 1 . Critical Strikes 24 | . 2 1 8 . . . 2 4 . 4 . . . 3 . Burn 9 | . . . 6 . . . 2 1 . . . . . . . Destroy 7 | . 2 1 2 . . . . . . . . . . 2 . Blast 8 | . . . . . . . . 3 . 4 . . . 1 . Melee Attacks 18 | . . . . . . . 8 10 . . . . . . . Impact 18 | . . . . . . . 8 10 . . . . . . . Slashing . | . . . . . . . . . . . . . . . . Piercing . | . . . . . . . . . . . . . . . . Sneak Attacks . | . . . . . . . . . . . . . . . . Combat Hostiles . | . . . . . . . . . . . . . . . . Follow-up Attacks . | . . . . . . . . . . . . . . . . Damage Inflicted 17305 | . 902 213 3119 133 . 252 1008 1583 1195 961 . 1618 679 2445 3197 Guns 6996 | . 902 213 1714 . . 73 458 195 . . . 214 . 1208 2019 Cannons 6041 | . . . 150 . . 177 550 963 133 832 . 1165 679 978 414 Explosions 4159 | . . . 1255 133 . . . 425 1062 129 . 239 . 152 764 Melee . | . . . . . . . . . . . . . . . . Ramming 109 | . . . . . . 2 . . . . . . . 107 . Kinetic 7746 | . 902 213 859 . . . . 963 . 832 . 1379 679 1677 242 Thermal 6141 | . . . 1005 . . 250 1008 195 133 86 . . . 509 2955 Explosive 2875 | . . . 1255 133 . . . 425 1062 . . . . . . Electromagnetic 434 | . . . . . . . . . . 43 . 239 . 152 . Impact . | . . . . . . . . . . . . . . . . Slashing . | . . . . . . . . . . . . . . . . Piercing . | . . . . . . . . . . . . . . . . Highest Corruption 29 | . . . 7 7 7 7 . 3 28 29 . 4 1 3 3 Average Corruption 8 | . . . 6 7 7 7 . 2 16 28 . 3 1 1 3 Corruption Purged . | . . . . . . . . . . . . . . . . Corruption Blocked . | . . . . . . . . . . . . . . . . Effects 282 | . . . 49 1 10 44 . 26 15 86 . 5 2 22 22 Message Errors 67 | . . . 13 . 4 9 . 6 1 20 . 2 . 6 6 Matter Fused 57 | . . . 7 1 2 10 . 2 3 17 . 1 2 7 5 Heat Flow Errors 39 | . . . 8 . 1 5 . 4 1 17 . . . 2 1 Energy Discharges 45 | . . . 10 . . 7 . 5 4 11 . 1 . 4 3 Parts Rejected 3 | . . . 1 . . . . 1 . . . . . . 1 Parts Fused 3 | . . . . . . 1 . . 1 1 . . . . . Data Loss (minor) 31 | . . . 7 . 1 6 . 4 . 9 . . . 2 2 Data Loss (major) 12 | . . . 1 . . 3 . . 1 4 . . . 1 2 Misfires 14 | . . . 1 . 1 2 . 4 . 4 . 1 . . 1 Alerts 2 | . . . . . 1 1 . . . . . . . . . Misdirections 3 | . . . . . . . . . 3 . . . . . . Weapon Failures 6 | . . . 1 . . . . . 1 3 . . . . 1 Overload Shots 65 | . . . . . . . . . . . . . . . 65 Effects 2 | . . . . . . . . . . . . . . . 2 Energy Bleed 1 | . . . . . . . . . . . . . . . 1 Heat Surge 1 | . . . . . . . . . . . . . . . 1 Overflow Damage 282 | . . . 18 . . . 5 6 . 61 . . . . 192 Projectiles 21 | . . . . . . . 5 . . 15 . . . . 1 Explosions 261 | . . . 18 . . . . 6 . 46 . . . . 191 Melee . | . . . . . . . . . . . . . . . . Knockbacks 86 | . . . 2 . . . . 7 . 9 . 23 18 27 . Impact . | . . . . . . . . . . . . . . . . Kinetic 81 | . . . 1 . . . . 6 . 8 . 23 18 25 . Secondary 5 | . . . 1 . . . . 1 . 1 . . . 2 . Self-Inflicted Damage 462 | . . . 56 32 . . . . 164 31 . . . 17 162 Shots 12 | . . . 1 1 . . . . 5 1 . . . 1 3 Rammed 39 | . . . . . . 1 . . . . . . . 38 . Targets Rammed 41 | . . . . . . 1 . . . . . . . 40 . Kicked . | . . . . . . . . . . . . . . . . Crushed 2 | . . . . . . . . . . . . . . 2 . Highest Temperature 347 | . 37 38 256 . 124 248 347 249 192 256 . 125 192 327 270 Average Temperature 73 | . 15 20 52 . 57 88 119 55 91 94 . 52 72 103 87 Received Heat Transfer 2363 | . 249 198 294 . . . 135 138 . 99 . 579 . 534 137 Effects 2 | . . . . . . . . . . . . . . 2 . Interference 2 | . . . . . . . . . . . . . . 2 . Siege Activations . | . . . . . . . . . . . . . . . . Martial Activations . | . . . . . . . . . . . . . . . . Shielding Activations . | . . . . . . . . . . . . . . . . Robots Disrupted . | . . . . . . . . . . . . . . . . Combat Hostiles . | . . . . . . . . . . . . . . . . Robots Corrupted . | . . . . . . . . . . . . . . . . Combat Hostiles . | . . . . . . . . . . . . . . . . Parts Fried . | . . . . . . . . . . . . . . . . Impact Corruptions . | . . . . . . . . . . . . . . . . Robots Melted 6 | . . . 1 . . . 1 1 . . . . . 2 1 Combat Hostiles 6 | . . . 1 . . . 1 1 . . . . . 2 1 Parts Melted 22 | . . . 5 . . . 2 4 . . . . . 3 8 Heat Transferred 10125 | . . . 2368 . . 548 2236 407 320 50 . . . 1150 3046 Parts Sabotaged . | . . . . . . . . . . . . . . . . Parts Stolen . | . . . . . . . . . . . . . . . . Parts Stripped . | . . . . . . . . . . . . . . . . Power Chain Reactions . | . . . . . . . . . . . . . . . . Alert | -11 -10 -10 -9 -9 -9 -8 -8 -7 -7 -7 -6 -6 -5 -5 -5 ------- Run | Yrd Mat Min Mat Min Exi Min Mat Fac Was Fac Fac DSF Fac Gar Fac Maximum Alert Level 2 | . . . 2 1 . . . . . . . 1 . 2 2 Low Security (%) 76 | 100 100 100 64 . . 100 100 100 100 100 100 60 100 25 27 Level 1 12 | . . . 16 100 . . . . . . . 39 . 45 32 Level 2 10 | . . . 19 . . . . . . . . . . 29 40 Level 3 . | . . . . . . . . . . . . . . . . Level 4 . | . . . . . . . . . . . . . . . . Level 5 . | . . . . . . . . . . . . . . . . High Security . | . . . . . . . . . . . . . . . . Max Security . | . . . . . . . . . . . . . . . . Sterilizations 1 | . . . . . . . . . . . . 1 . . . Peak Influence 699 | . 82 35 699 337 . 50 90 121 37 87 16 311 147 667 650 Initial 326 | . . . . 265 . . . 27 37 . 16 11 147 67 326 Average 123 | . 19 5 212 309 . 3 21 49 11 20 16 128 92 336 319 Influence Increases 5030 | . 284 65 1232 82 . 75 293 400 40 286 . 300 110 895 968 Destroy 0b10 Robot/C 2600 | . 180 40 760 60 . 60 160 180 . 80 . 160 100 480 340 Destroy 0b10 Robot/NC 220 | . 20 . 60 . . 5 15 60 . 35 . 5 . . 20 Destroy Leader 618 | . 56 10 202 10 . 10 54 68 . 34 . 30 10 30 104 Successful Hack 111 | . 26 . 12 . . . 11 28 . 10 . . . . 24 Disable Machine 435 | . . 15 75 . . . . 45 . 90 . 15 . 15 180 Anti-Garrison Action 250 | . . . . . . . . . . . . . . 250 . Destroy Structure 481 | . 2 . 93 12 . . 8 19 40 22 . . . 15 270 Lose Combat Pursuer 315 | . . . 30 . . . 45 . . 15 . 90 . 105 30 Influence Decreases 4380 | . 284 65 551 446 317 75 233 352 148 251 19 35 294 370 940 Entered New Map 1321 | . . . . 416 317 . . 33 71 . 19 5 134 30 296 Time Decay 2544 | . 284 40 531 30 . 75 223 319 67 251 . . 150 . 574 Lost Part 515 | . . 25 20 . . . 10 . 10 . . 30 10 340 70 Squads Dispatched 34 | . 2 . 6 . . . 4 7 . 2 . 2 2 . 9 Investigation 9 | . 1 . 3 . . . 2 1 . . . . 1 . 1 Extermination 10 | . . . . . . . . 5 . 2 . . . . 3 Reinforcement 11 | . 1 . 2 . . . 2 1 . . . 2 . . 3 Assault 2 | . . . 1 . . . . . . . . . . . 1 Garrison 2 | . . . . . . . . . . . . . 1 . 1 Intercept . | . . . . . . . . . . . . . . . . Searches Triggered . | . . . . . . . . . . . . . . . . Construction Impeded 2 | . . . . . . . . 1 . . . . . . 1 Haulers Reinforced . | . . . . . . . . . . . . . . . . Active Scanning Responses . | . . . . . . . . . . . . . . . . Cargo Convoy Interrupts . | . . . . . . . . . . . . . . . . Stealth | -11 -10 -10 -9 -9 -9 -8 -8 -7 -7 -7 -6 -6 -5 -5 -5 --------- Run | Yrd Mat Min Mat Min Exi Min Mat Fac Was Fac Fac DSF Fac Gar Fac Distress Signals 9 | . 1 . 3 . . . 3 1 . . . . 1 . . Communications Jammed . | . . . . . . . . . . . . . . . . Distress Signals . | . . . . . . . . . . . . . . . . Times Spotted 231 | . 21 2 61 3 . 2 18 13 6 11 . 21 7 38 28 Peak Tracking Total 7 | . 5 1 5 3 . 2 4 3 5 4 . 6 3 7 6 Tactical Retreats 14 | . . . 2 . . . 2 . . 1 . 4 . 4 1 Traps | -11 -10 -10 -9 -9 -9 -8 -8 -7 -7 -7 -6 -6 -5 -5 -5 ------- Run | Yrd Mat Min Mat Min Exi Min Mat Fac Was Fac Fac DSF Fac Gar Fac Traps Triggered 25 | . 2 . 8 . . . 2 3 . . . 2 1 6 1 Indirectly 1 | . . . . . . . . . . . . 1 . . . Trap Hack Attempts . | . . . . . . . . . . . . . . . . Triggered . | . . . . . . . . . . . . . . . . Disarmed . | . . . . . . . . . . . . . . . . Reprogrammed . | . . . . . . . . . . . . . . . . Reused . | . . . . . . . . . . . . . . . . Traps Extracted . | . . . . . . . . . . . . . . . . Installed . | . . . . . . . . . . . . . . . . Triggered . | . . . . . . . . . . . . . . . . Machines | -11 -10 -10 -9 -9 -9 -8 -8 -7 -7 -7 -6 -6 -5 -5 -5 ---------- Run | Yrd Mat Min Mat Min Exi Min Mat Fac Was Fac Fac DSF Fac Gar Fac Machines Disabled 32 | . . 1 5 . . . . 3 . 6 . 1 . 4 12 Max in Single Turn 5 | . . 1 1 . . . . 1 . 4 . 1 . 1 5 Garrison Access 1 | . . . . . . . . . . 1 . . . . . Garrison Relay 3 | . . . . . . . . . . . . . . 3 . Machines Repaired . | . . . . . . . . . . . . . . . . Machines Dismantled . | . . . . . . . . . . . . . . . . Machines Sabotaged . | . . . . . . . . . . . . . . . . Overloaded Fab Kills . | . . . . . . . . . . . . . . . . Hacking | -11 -10 -10 -9 -9 -9 -8 -8 -7 -7 -7 -6 -6 -5 -5 -5 --------- Run | Yrd Mat Min Mat Min Exi Min Mat Fac Was Fac Fac DSF Fac Gar Fac Machines Accessed 40 | . 7 . 9 . 1 . 3 10 . 4 1 . 2 . 3 Terminals 22 | . 6 . 5 . . . 2 4 . 2 1 . . . 2 Fabricators 5 | . . . . . . . . 2 . 1 . . 1 . 1 Repair Stations 4 | . . . 1 . . . . 3 . . . . . . . Recycling Units 3 | . 1 . 1 . . . . 1 . . . . . . . Scanalyzers 3 | . . . 2 . . . 1 . . . . . . . . Garrison Access 2 | . . . . . . . . . . 1 . . 1 . . Total Hacks 122 | . 26 . 28 . 1 . 22 22 . 11 2 . 3 . 7 Successful 68 | . 12 . 18 . 1 . 20 10 . 3 1 . 1 . 2 Failed 52 | . 13 . 10 . . . 1 12 . 8 1 . 2 . 5 Catastrophic 5 | . . . 2 . . . . . . 2 . . . . 1 Database Lockouts 2 | . 1 . . . . . 1 . . . . . . . . Manual 41 | . 10 . 16 . 1 . 4 2 . 8 . . . . . Terminals 62 | . 21 . 12 . . . 7 7 . 8 2 . . . 5 Fabricators 9 | . . . . . . . . 3 . 2 . . 2 . 2 Repair Stations 16 | . . . 5 . . . . 11 . . . . . . . Recycling Units 9 | . 5 . 3 . . . . 1 . . . . . . . Scanalyzers 23 | . . . 8 . . . 15 . . . . . . . . Garrison Access 2 | . . . . . . . . . . 1 . . 1 . . Terminal Hacks 16 | . 7 . 1 . 1 . 4 1 . . 1 . . . 1 Robot Analysis 3 | . 1 . 1 . . . 1 . . . . . . . . Prototype ID Bank 1 | . . . . . . . 1 . . . . . . . . Open DSF 1 | . . . . . . . . . . . 1 . . . . Branch Access Points 1 | . . . . . . . . 1 . . . . . . . Emergency Access Points 1 | . . . . . . . . . . . . . . . 1 Dispatch Records 3 | . 1 . . . . . 2 . . . . . . . . Transport Status 1 | . 1 . . . . . . . . . . . . . . Hauler Manifests 1 | . 1 . . . . . . . . . . . . . . Registered Components 1 | . 1 . . . . . . . . . . . . . . Registered Prototypes 1 | . 1 . . . . . . . . . . . . . . Zone Layout 1 | . 1 . . . . . . . . . . . . . . Proto ID Catalog 1 | . . . . . 1 . . . . . . . . . . Fabricator Hacks 2 | . . . . . . . . 1 . . . . . . 1 Load Schematic 1 | . . . . . . . . 1 . . . . . . . Build 1 | . . . . . . . . . . . . . . . 1 Repair Station Hacks 11 | . . . 4 . . . . 7 . . . . . . . Scan Component 6 | . . . 2 . . . . 4 . . . . . . . Repair 5 | . . . 2 . . . . 3 . . . . . . . Recycling Unit Hacks 6 | . 2 . 3 . . . . 1 . . . . . . . Process 1 | . . . 1 . . . . . . . . . . . . Report Inventory 3 | . 1 . 1 . . . . 1 . . . . . . . Retrieve Matter 1 | . . . 1 . . . . . . . . . . . . Retrieve Components 1 | . 1 . . . . . . . . . . . . . . Scanalyzer 21 | . . . 7 . . . 14 . . . . . . . . Insert Component 9 | . . . 2 . . . 7 . . . . . . . . Analyze 9 | . . . 2 . . . 7 . . . . . . . . Retrieve Study 3 | . . . 3 . . . . . . . . . . . . Garrison Access Hacks 2 | . . . . . . . . . . 1 . . 1 . . Unlock Access 1 | . . . . . . . . . . . . . 1 . . Seal Access 1 | . . . . . . . . . . 1 . . . . . Unauthorized Hacks 10 | . 3 . 3 . . . 2 . . 2 . . . . . Terminals 10 | . 3 . 3 . . . 2 . . 2 . . . . . Botnet 10 | . 3 . 3 . . . 2 . . 2 . . . . . Fabricators . | . . . . . . . . . . . . . . . . Repair Stations . | . . . . . . . . . . . . . . . . Recycling Units . | . . . . . . . . . . . . . . . . Scanalyzers . | . . . . . . . . . . . . . . . . Garrison Access . | . . . . . . . . . . . . . . . . Data Cores Recovered 1 | . 1 . . . . . . . . . . . . . . Used . | . . . . . . . . . . . . . . . . Hacking Detections 32 | . 5 . 8 . . . 2 9 . 3 . . 2 . 3 Full Trace Events 4 | . . . 3 . . . . . . . . . 1 . . Feedback Events . | . . . . . . . . . . . . . . . . Feedback Blocked . | . . . . . . . . . . . . . . . . Robot Schematics Acquired . | . . . . . . . . . . . . . . . . Robots Built . | . . . . . . . . . . . . . . . . Authchips . | . . . . . . . . . . . . . . . . Time . | . . . . . . . . . . . . . . . . Total Robot Build Rating . | . . . . . . . . . . . . . . . . Part Schematics Acquired 9 | . . . 2 . . . 7 . . . . . . . . Parts Built 2 | . . . . . . . . . . . . . . . 2 Authchips . | . . . . . . . . . . . . . . . . Time 128 | . . . . . . . . . . . . . . . 128 Total Part Build Rating 16 | . . . . . . . . . . . . . . . 16 Part Studies Acquired 3 | . . . 3 . . . . . . . . . . . . Parts Repaired 4 | . . . 2 . . . . 2 . . . . . . . Time 138 | . . . 52 . . . . 86 . . . . . . . Parts Recycled . | . . . . . . . . . . . . . . . . Recycled Matter 94 | . . . 94 . . . . . . . . . . . . Retrieved Matter 94 | . . . 94 . . . . . . . . . . . . Retrieved Components 3 | . 3 . . . . . . . . . . . . . . Parts Scanalyzed 9 | . . . 2 . . . 7 . . . . . . . . Part Schematics Acquired 9 | . . . 2 . . . 7 . . . . . . . . Parts Damaged . | . . . . . . . . . . . . . . . . Bothacking | -11 -10 -10 -9 -9 -9 -8 -8 -7 -7 -7 -6 -6 -5 -5 -5 ------------ Run | Yrd Mat Min Mat Min Exi Min Mat Fac Was Fac Fac DSF Fac Gar Fac Used RIF Installer . | . . . . . . . . . . . . . . . . Robots Hacked . | . . . . . . . . . . . . . . . . Non-combat . | . . . . . . . . . . . . . . . . Combat . | . . . . . . . . . . . . . . . . Robot Hacks Applied . | . . . . . . . . . . . . . . . . Relay Couplers Released 15 | . . . . . . . . . . . . . . 15 . Machine Destruction 15 | . . . . . . . . . . . . . . 15 . Fabnet Peak Effective % . | . . . . . . . . . . . . . . . . Robots Rewired . | . . . . . . . . . . . . . . . . Allies Hacked . | . . . . . . . . . . . . . . . . Hacks Repelled . | . . . . . . . . . . . . . . . . Allies | -11 -10 -10 -9 -9 -9 -8 -8 -7 -7 -7 -6 -6 -5 -5 -5 -------- Run | Yrd Mat Min Mat Min Exi Min Mat Fac Was Fac Fac DSF Fac Gar Fac Total Allies . | . . . . . . . . . . . . . . . . Largest Group . | . . . . . . . . . . . . . . . . Highest-Rated Group . | . . . . . . . . . . . . . . . . Highest-Rated Ally . | . . . . . . . . . . . . . . . . Initial Warlord ECA Mod 14 | . . . . . . . . . . . . . 9 9 14 Total Orders . | . . . . . . . . . . . . . . . . Ally Attacks . | . . . . . . . . . . . . . . . . Total Damage . | . . . . . . . . . . . . . . . . Kills . | . . . . . . . . . . . . . . . . Allies Corrupted . | . . . . . . . . . . . . . . . . Allies Melted . | . . . . . . . . . . . . . . . . Intel | -11 -10 -10 -9 -9 -9 -8 -8 -7 -7 -7 -6 -6 -5 -5 -5 ------- Run | Yrd Mat Min Mat Min Exi Min Mat Fac Was Fac Fac DSF Fac Gar Fac Active Infowar (turns) 1497 | . . . . . . . . . 151 . . . . . 1346 Optics 1346 | . . . . . . . . . . . . . . . 1346 Sensors 151 | . . . . . . . . . 151 . . . . . . Robot Analysis Total 3 | . 1 . 1 . . . 1 . . . . . . . . Derelict Logs Recovered 1 | . . 1 . . . . . . . . . . . . . Drone Launches . | . . . . . . . . . . . . . . . . Drone Recoveries . | . . . . . . . . . . . . . . . . Exploration | -11 -10 -10 -9 -9 -9 -8 -8 -7 -7 -7 -6 -6 -5 -5 -5 ------------- Run | Yrd Mat Min Mat Min Exi Min Mat Fac Was Fac Fac DSF Fac Gar Fac Turns Passed 15156 | 81 1342 214 1889 71 334 1464 1381 2273 267 1747 7 345 305 1694 1742 Spaces Moved 7160 | 44 716 103 928 42 208 821 613 889 145 792 3 109 75 898 774 Core 139 | 9 . . . . . . . . 55 67 . . . 8 . Treads 5578 | 35 716 103 928 42 208 821 613 889 90 461 3 109 75 146 339 Legs 641 | . . . . . . . . . . 264 . . . . 377 Wheels . | . . . . . . . . . . . . . . . . Hover . | . . . . . . . . . . . . . . . . Flight 802 | . . . . . . . . . . . . . . 744 58 Fastest Speed 32 | 50 160 160 160 160 160 160 160 210 50 50 216 158 161 32 32 Average Speed 166 | 152 160 160 160 160 160 160 166 221 149 181 216 187 161 119 165 Slowest Speed 385 | 160 240 160 240 160 160 160 225 225 210 385 216 225 164 352 260 Overloaded Moves . | . . . . . . . . . . . . . . . . Propulsion Burnouts . | . . . . . . . . . . . . . . . . Robots Hopped 2 | . . . . . . . . . . . . . . 2 . Potential Cave-ins . | . . . . . . . . . . . . . . . . Cave-ins Triggered . | . . . . . . . . . . . . . . . . Exploration Rate (%) 50 | 4 97 29 85 16 59 93 41 29 93 22 . 83 2 78 24 Regions Visited 15 Branch Regions 4 Pre-discovered Areas . | . . . . . . . . . . . . . . . . Known Exits Taken 4 | . . . . . . 1 1 . . . 1 . 1 . . Unknown Exits Taken 7 | 1 1 1 1 1 1 . . . . 1 . . . . . Scrap Searched 1 | . . . . . . 1 . . . . . . . . . Spaces Dug 66 | . . . . . . . 8 6 . . . . . . 52 Terrain Destroyed 410 | . . . 103 12 . . 8 18 62 24 . . . 3 180 Melee 14 | . . . . . . . 8 6 . . . . . . . Projectile 70 | . . . 3 . . . . 3 . 12 . . . 3 49 AOE 325 | . . . 100 12 . . . 9 62 12 . . . . 130 Terrain Rammed . | . . . . . . . . . . . . . . . . Walls Destroyed . | . . . . . . . . . . . . . . . . Machines Disabled . | . . . . . . . . . . . . . . . . Actions | -11 -10 -10 -9 -9 -9 -8 -8 -7 -7 -7 -6 -6 -5 -5 -5 --------- Run | Yrd Mat Min Mat Min Exi Min Mat Fac Was Fac Fac DSF Fac Gar Fac Total 9472 | 56 809 127 1190 44 210 962 910 1099 177 1041 4 182 230 1339 1092 Wait 1275 | . 22 . 99 . . 130 202 116 10 163 . 7 135 186 205 Move 7141 | 43 715 102 927 41 207 820 612 889 144 791 2 108 75 891 774 Hop 2 | . . . . . . . . . . . . . . 2 . Pick Up 117 | 6 9 5 22 . . . 15 14 1 18 . 6 . 16 5 Fast Attach 89 | 5 3 2 12 . 1 . . 6 . 14 . 6 1 17 22 Attach 41 | 1 . 2 6 . . . 7 3 2 3 2 2 3 8 2 Detach 14 | . . 2 . . 1 . 1 1 . 3 . 2 . 2 2 Swap 65 | . 2 . 16 2 . 1 12 10 3 5 . 6 1 5 2 Drop 92 | 1 6 . 29 . 1 1 9 11 1 10 . 9 1 7 6 Fire 495 | . 52 14 79 1 . 9 44 39 16 34 . 36 14 83 74 Melee 18 | . . . . . . . 8 10 . . . . . . . Ram 4 | . . . . . . . . . . . . . . 4 . Kick . | . . . . . . . . . . . . . . . . Crush 37 | . . . . . . 1 . . . . . . . 36 . Escape Stasis 82 | . . . . . . . . . . . . . . 82 . Rewire . | . . . . . . . . . . . . . . . . Trap . | . . . . . . . . . . . . . . . . Miscellaneous . | . . . . . . . . . . . . . . . . Route ------- -11/Scrapyard -10/Materials (discovered 4 exits: *Mat x3 / [*Min]) -10/Mines -9/Materials (discovered 7 exits: *Mat x3 / [*Min x2] / *Sto x2) -9/Mines -9/Exiles -8/Mines -8/Materials -7/Factory (discovered 2 exits: Low x2) -7/Waste -7/Factory -6/Factory -6/DSF -5/Factory -5/Garrison (discovered 3 exits: *Fac x3) -5/Factory (discovered 1 exit: [*Ext]) History --------- Turn | Location | Event 10 | -11/Scrapyard | Discovered new exit (range 16) 82 | -11/Scrapyard | Entered Materials 251 | -10/Materials | Central database locked down 264 | -10/Materials | Discovered new exit (range 6) 302 | -10/Materials | Build established: Mutant 371 | -10/Materials | Discovered new exit (range 15) 704 | -10/Materials | Discovered new exit (range 16) 948 | -10/Materials | Discovered new exit (range 3) 1424 | -10/Materials | Entered Mines 1457 | -10/Mines | Core integrity fell below 50% 1493 | -10/Mines | Lost 3 parts (1p1u1w) 1597 | -10/Mines | A weapon hastily lodged in a ceiling crevice suddenly fell to the ground 1623 | -10/Mines | Discovered new exit (range 9) 1625 | -10/Mines | Learned 8 Materials zone layouts 1638 | -10/Mines | Entered Materials 1638 | -9/Materials | Evolved 2 slots: Propulsion x1, Utility x1 1639 | -9/Materials | Identified exit to Storage 1639 | -9/Materials | Identified exit to Materials 1768 | -9/Materials | Discovered new exit (range 13) 2161 | -9/Materials | Repaired Lgt. Treads 2165 | -9/Materials | Build established: Scavenger-Mutant 2188 | -9/Materials | Repaired Lgt. Treads 3024 | -9/Materials | Discovered new exit (range 13) 3212 | -9/Materials | Build established: Mutant 3238 | -9/Materials | First assault squad dispatched 3527 | -9/Materials | Entered Mines 3592 | -9/Mines | Deemed a non-threat by the Exiles lab entrance 3592 | -9/Mines | Discovered new exit (range 5) 3598 | -9/Mines | Entered Exiles 3637 | -9/Exiles | Met 8R-AWN 3666 | -9/Exiles | Met EX-HEX 3709 | -9/Exiles | Met EX-BIN 3728 | -9/Exiles | Aligned with FarCom system 3730 | -9/Exiles | Given EX-Vault access code 3768 | -9/Exiles | Opened EX-Vault 3782 | -9/Exiles | Found Gui. Plasma Cannon 3817 | -9/Exiles | Warned to stay clear of 0b10 Research branches 3860 | -9/Exiles | Met EX-DEC 3915 | -9/Exiles | Discovered new exit (range 14) 3932 | -9/Exiles | Left Exiles lab with Gui. Plasma Cannon 3932 | -9/Exiles | Entered Mines 5380 | -8/Mines | Discovered exit to Materials (range 11) 5396 | -8/Mines | Entered Materials 5396 | -8/Materials | Evolved 2 slots: Propulsion x1, Utility x1 5693 | -8/Materials | Build established: Scavenger-Mutant 6524 | -8/Materials | Central database locked down 6656 | -8/Materials | Discovered new exit (range 16) 6728 | -8/Materials | Identified exit to Factory 6777 | -8/Materials | Entered Factory 6777 | -7/Factory | Evolved 2 slots: Propulsion x1, Utility x1 8403 | -7/Factory | Identified exit to Lower Caves 8751 | -7/Factory | Repaired Hrd. Heavy Armor Plating 8857 | -7/Factory | Repaired Lgt. Treads+ 9050 | -7/Factory | Sucked down chute 9050 | -7/Factory | Entered Waste 9065 | -7/Waste | EMP discharged 9065 | -7/Waste | System corruption reached 10% 9076 | -7/Waste | Spotted C-40 Crusher 9094 | -7/Waste | Destroyed C-40 Crusher 9104 | -7/Waste | Spotted C-40 Crusher 9153 | -7/Waste | Spotted C-40 Crusher 9165 | -7/Waste | EMP discharged 9198 | -7/Waste | Spotted C-40 Crusher 9236 | -7/Waste | Spotted C-40 Crusher 9263 | -7/Waste | Spotted C-40 Crusher 9265 | -7/Waste | EMP discharged 9285 | -7/Waste | Crushed by Compactor (1 part destroyed, 2 dropped) 9288 | -7/Waste | Crushed by Compactor (1 part destroyed, 1 dropped) 9289 | -7/Waste | Released all parts (8) 9308 | -7/Waste | Discovered new exit (range 16) 9317 | -7/Waste | Entered Factory 9588 | -7/Factory | Build established: Mutant 10536 | -7/Factory | Discovered new exit (range 11) 11064 | -7/Factory | Entered another Factory area 11064 | -6/Factory | Evolved 2 slots: Propulsion x1, Utility x1 11071 | -6/Factory | Identified exit to DSF 11071 | -6/Factory | Entered DSF 11113 | -6/DSF | Additional patrols routed to DSF 11356 | -6/DSF | Sterilization system engaged 11376 | -6/DSF | Ambient heat levels rising (+10) 11391 | -6/DSF | Ambient heat levels rising (+10) 11393 | -6/DSF | Discovered new exit (range 14) 11406 | -6/DSF | Ambient heat levels rising (+10) 11416 | -6/DSF | Entered Factory 11416 | -5/Factory | Evolved 2 slots: Power x1, Propulsion x1 11651 | -5/Factory | Garrison activated, responded to threat 11721 | -5/Factory | Identified exit to Garrison 11721 | -5/Factory | Entered Garrison 11851 | -5/Garrison | Triggered checkpoint 11941 | -5/Garrison | Triggered checkpoint 11981 | -5/Garrison | Lost 3 parts (2n1w) 12119 | -5/Garrison | Lost 10 parts (2p3n4u1w) 12261 | -5/Garrison | Discovered new exit (range 14) 12274 | -5/Garrison | Attempted to access garrison exit controls, blocked by remote lockdown 12337 | -5/Garrison | Triggered checkpoint 12397 | -5/Garrison | Discovered new exit (range 8) 12453 | -5/Garrison | Triggered checkpoint 12494 | -5/Garrison | Build established: Scavenger-Mutant 12674 | -5/Garrison | Garrison Relay disabled 12780 | -5/Garrison | Discovered new exit (range 10) 13069 | -5/Garrison | Triggered checkpoint 13115 | -5/Garrison | Garrison Relay disabled 13302 | -5/Garrison | Triggered checkpoint 13358 | -5/Garrison | Core integrity fell below 50% 13369 | -5/Garrison | Attempted to access garrison exit controls, blocked by remote lockdown 13387 | -5/Garrison | Triggered checkpoint 13405 | -5/Garrison | Lost 14 parts (3p6n3u2w) 13408 | -5/Garrison | Core integrity fell below 20% 13415 | -5/Garrison | Entered Factory 13572 | -5/Factory | Fabricated Biometal Medium Treads (x2) 14459 | -5/Factory | Discovered new exit (range 14) 14915 | -5/Factory | First assault squad dispatched 15063 | -5/Factory | Garrison activated, responded to threat 15157 | -5/Factory | Destroyed by P-70 Sage with Tesla Rifle Last Messages --------------- 15125_ K-01 Serf collects debris. 15126_ R-10 Processor collects Adv. Heat Sink. 15127_ K-01 Serf collects debris. 15127_ U-05 Engineer builds a Wall. 15129_ U-05 Engineer lays Concrete. 15130_ U-05 Engineer builds a Door. 15130_ U-05 Engineer builds a Wall. 15134_ CDHAT|RLC5GZQQWON#<8DGUR2ZC1QX K:STR=Z 15135_ U-05 Engineer builds a Wall. 15135_ U-05 Engineer lays Concrete. 15141_ Destroyed Wheel. 15151_ Overload: Energy bleed (-141). 15151_ Destroyed Imp. Heat Sink. 15154_ Imp. Treads+ destroyed. 15154_ Destroyed Antigrav System. 15154_ P-70 Sage critical meltdown. 15154_ Imp. Heat Sink melted. 15154_ Imp. Target Analyzer melted. 15154_ Penetrated by Slug. 15155_ U-05 Engineer builds a Door. Map ----- +----------------------------------------------------+ | ?????????????????????????????????????????????????? | | ?????????????????????????????????????????????????? | | ?????????????????????????????????????????????????? | | ?????????????????????????????????????????????????? | | ?????????????????????????????????????????????????? | | ?????????????????????????????????????????????????? | | ?????????????????????????????????????????????????? | | ?????????????????????????????????????????????????? | | ?????????????????????????????????????????????????? | | ?????????????????????????????????????????????????? | | ?????????????????????????????????????????????????? | | ?????????????????????????????????????????????????? | | ?????????????????????????????????????????????????? | | ?????????????????????????????????????????????????? | | ????????????????????????###??????????????????????? | | ?????????????w?????????? ??????????????????????? | | ???????????????????????? ??????????????????????? | | ???????????????????????? " ??????????????????????? | | ???????????????????????? ??????????????????????? | | ???????????????????????? ??????????????????????? | | ????????+???????????????# #??????????????????????? | | ???????? ???????????????# #??????????????????????? | | ???????? ???????????????# #??????????????????????? | | ???????? ???????????????# #??????????????????????? | | ???????? ???????????????# #??????????????????????? | | ???????? ?????????????###@###????????????????????? | | ???????? ???#+?####?### # ; #####????????????????? | | #??????# #?? ? #######u#######????????????????? | | #??????# #?# "?" # u%u #########?????????? | | #??????# #?# """ # u + ?????? | | #??????#b#?# """ # ph #####?????????????? | | #??????# #?# # # #???????????????? | | #??????# #?# """ =# k # #???????????????? | | ######## #?# """ # # #???????????????? | | # ### """ # k R u # #???????????????? | | # # # # #???????????????? | | + + """ # u ##????????????????? | | # # "Y # % ##????????????????? | | # ######*""" !# % ##????????????????? | | # #????#= ! = # %% u #?????????????????? | | # #??########/#######/######?????????????????? | | # %[! ?????????????? | | # ?????????????? | | # " """" """" """" """" """" ^?????????????? | | # "G" """" """" """" """" """" ?? ?????????????? | | # " " """" """" """" """" "????????????????????? | | # """" """" """" """" "????????????????????? | | """" """" """" """"??????????????????????? | | """??"""" """? """"??????????????????????? | | ???? ??? ?????????????????????????? | +----------------------------------------------------+ Best States ------------- Heat Dissipation 121 Coolant Potential 80 Energy Generation 34 Energy Capacity 365 Matter Stores 300 Matter Capacity 300 Sight Range 18 Robot Scan Range 15 Terrain Scan Density 10 EM Shielding 2 Armor Coverage 975 Resistance: KI 30 Resistance: TH 25 Phase Shifting 10 Evasion (%) 63 Recoil Reduction 7 Offensive Hacking 10 Defensive Hacking 10 Authchip Count 4 Item Schematics ----------------- Med. Armor Plating | -9/Materials | Scanalyzed Imp. Grenade Launcher | -9/Materials | Scanalyzed Arm. Treads | -8/Materials | Scanalyzed Hrd. Heavy Armor Plating | -8/Materials | Scanalyzed Adv. Assault Cannon | -8/Materials | Scanalyzed Graphene Brace | -8/Materials | Scanalyzed Arm. Huge Wheel | -8/Materials | Scanalyzed Nuclear Core | -8/Materials | Scanalyzed Hpw. Tractor Beam | -8/Materials | Scanalyzed Robot Schematics ------------------ None Fabricated ------------ Biometal Medium Treads | x2 | -5/Factory | Preloaded Repaired ---------- Lgt. Treads | 14% | -9/Materials Lgt. Treads | 40% | -9/Materials Hrd. Heavy Armor Plating | 53% | -7/Factory Lgt. Treads | 46% | -7/Factory Studied --------- Lgt. Treads | -9/Materials | Hacked Com. Wheel | -9/Materials | Hacked Imp. Treads | -9/Materials | Hacked Alien Tech Used ----------------- None Achievements -------------- None Challenges ------------ None Game ------ Seed DecoderShockChainsaw Manual? 0 Play Time 02:23:14 Cumulative 108.2 hours Start 2026.05.01 @ 16:53:52 End 2026.05.02 @ 01:10:46 Sessions 11 Manual Loads 0 Difficulty Rogue Special Mode None Game No. 71 Rogue 71 Adventurer 0 Explorer 0 Win Type - Total 1 Types 1/0/0/0/0/0/0/0/0/0 Lore% 52 Gallery% 50 Achievement% 43 Wizard Run 0 Options --------- Layout 1 ASCII 0 Keyboard 0 Movement Mouse Keybinds 0 Fullscreen 1 Font 24/Smallcaps Map View 50x35 Zoom Use 0% Tactical HUD 1 Map Filters NONE Filters NONE Steam 1 RUN: c27618ce-b2cc-4eea-bfbf-b7fdb9d1fd81